 Dungeon Crawl Stone Soup version 0.17-a0-1882-g750edc8 (webtiles) character file.

469 Lysie the Slasher (level 6, -3/42 HPs)
             Began as a High Elf Fighter on Sept 23, 2015.
             Killed by nerve-wracking pain
             ... invoked by a shadow imp
              (12 damage)
             ... on level 4 of the Dungeon.
             The game lasted 00:08:56 (2890 turns).

Lysie the Slasher (High Elf Fighter)                Turns: 2890, Time: 00:08:57

Health: -3/42      AC:  8    Str: 17    XL:     6   Next: 82%
Magic:  7/7        EV:  7    Int: 13    God:
Gold:   290        SH:  9    Dex: 14    Spells: 0 memorised, 5 levels left

rFire  . . .     SeeInvis .     a - +0 long sword
rCold  . . .     Clarity  .     b - +0 scale mail
rNeg   . . .     SustAt   .     c - +0 shield
rPois  .         Gourm    .     (no helmet)
rElec  .         Spirit   .     (no cloak)
rCorr  .         Warding  .     (no gloves)
rMut   .         Stasis   .     f - +0 pair of boots
MR     .....                    i - amulet of regeneration
Stlth  ..........               (no ring)
                                (no ring)

@: lethally poisoned (-3 -> -6), not resistant to hostile enchantments,
extremely unstealthy
A: no striking features
a: no special abilities


You were on level 4 of the Dungeon.
You were not hungry.

You visited 1 branch of the dungeon, and saw 5 of its levels.

You collected 290 gold pieces.

Inventory:

Hand weapons
 a - a +0 long sword (weapon)
Missiles
 h - 37 arrows
Armour
 b - a +0 scale mail (worn)
 c - a +0 shield (worn)
 f - a +0 pair of boots (worn)
Jewellery
 i - an amulet of regeneration (around neck)
 k - an uncursed amulet of guardian spirit
Magical devices
 s - a wand of enslavement (11)
Scrolls
 e - 2 scrolls of teleportation {unknown}
 j - 2 scrolls of remove curse
 l - 2 scrolls of amnesia {unknown}
 m - 5 scrolls of identify {unknown}
 n - 2 scrolls of fog {unknown}
 o - 2 scrolls of fear {unknown}
 p - a scroll of random uselessness {unknown}
 t - a scroll of enchant armour {unknown}
 w - a scroll of immolation {unknown}
 y - a scroll of noise {unknown}
Potions
 g - a potion of haste {unknown}
 q - a potion of resistance {unknown}
 r - a potion of agility {unknown}
 v - a potion of mutation {unknown}
Comestibles
 u - a meat ration


   Skills:
 - Level 3.0 Fighting
 * Level 6.5 Long Blades
 + Level 4.3 Armour
 + Level 4.0 Shields


You had 5 spell levels left.
You didn't know any spells.

Dungeon Overview and Level Annotations

Branches:
Dungeon (5/15)
 Temple: D:4-7

Altars:
Cheibriados
Elyvilon
Gozag
Xom
Yredelemnul
Zin
The Shining One


Message History

The scorpion barely misses you.
The shadow imp hits you but does no damage.
You hit the scorpion.
The scorpion is moderately wounded.
You feel sick. You block the scorpion's attack.
You block the shadow imp's attack.
You barely miss the scorpion.
The scorpion is moderately wounded.
You feel sick. The scorpion stings you. The shadow imp hits you.
You barely miss the scorpion.
The scorpion is moderately wounded.
You feel sick. The scorpion stings you!
* * * LOW HITPOINT WARNING * * *
The shadow imp barely misses you.
You are too injured to fight recklessly!
You can't go up here!
You feel sick. The shadow imp gestures at you. Pain shoots through your body!
You die...

########
.......#
._..._.#
.......#
############
#.(...##
#..........#
###'###
##..........#
.....#
#..s........#
.....#
#.5.@.......#
.....###
#...........#
.....'.#
#.###'########
.....#+##
#............#
........#
#####.######.#
........#
#......#.#
........#
#####.##.#
.......##
##....##.#
.......###
#..##.####


You could see a scorpion and a shadow imp.

Vanquished Creatures
  The ghost of futacatgirl the Sneak, an average OpWz (D:4)
  2 hounds (D:4)
  An orc wizard (D:3)
  Jessica (D:2)
  2 worker ants (D:4)
  5 adders
  4 worms
  3 orcs (D:3)
  2 ball pythons
  5 giant cockroaches
  13 goblins
  11 hobgoblins
  4 jackals (D:4)
  4 kobolds
  5 bats
  4 giant newts
  4 quokkas
  9 rats
80 creatures vanquished.

Notes
Turn   | Place    | Note
--------------------------------------------------------------
     0 | D:1      | Lysie the High Elf Fighter began the quest for the Orb.
     0 | D:1      | Reached XP level 1. HP: 16/16 MP: 2/2
   149 | D:1      | Reached XP level 2. HP: 17/21 MP: 3/3
   204 | D:1      | Found a shimmering altar of Xom.
   810 | D:2      | Reached XP level 3. HP: 22/26 MP: 1/4
   913 | D:2      | Reached skill level 4 in Long Blades
   913 | D:2      | Reached XP level 4. HP: 28/31 MP: 5/5
   972 | D:2      | Found a faded altar to an unknown god.
  1218 | D:2      | Noticed Jessica
  1224 | D:2      | Killed Jessica
  1749 | D:3      | Reached XP level 5. HP: 30/36 MP: 6/6
  1759 | D:3      | Reached skill level 5 in Long Blades
  1980 | D:4      | Found a glowing golden altar of the Shining One.
  1991 | D:4      | Found a snail-covered altar of Cheibriados.
  2133 | D:4      | Reached XP level 6. HP: 36/42 MP: 7/7
  2144 | D:4      | Found a white marble altar of Elyvilon.
  2163 | D:4      | Found a basalt altar of Yredelemnul.
  2501 | D:4      | Found an opulent altar of Gozag.
  2502 | D:4      | Found a glowing silver altar of Zin.
  2736 | D:4      | Noticed futacatgirl's ghost (average OpWz)
  2757 | D:4      | Killed futacatgirl's ghost
  2757 | D:4      | Reached skill level 6 in Long Blades
  2870 | D:5      | Entered Level 5 of the Dungeon
  2890 | D:4      | Killed from afar by a shadow imp

Vault maps used:
D:1:      shiori_shiawase, xom_teletrap_fun
D:2:      ecumenical_altar_1, uniq_jessica
D:4:      elyvilon_altar_5, overflow_temple_1_default, kennysheep_mini,
          kennysheep_little_box, grunt_temple_overflow_gold_and_silver,
          first_bread, minmay_misc_feat_room
D:5:      grunt_dithmenos_smoke, grunt_ministairs_13, nicolae_underground_beach

Action                   |  1- 3 |  4- 6 || total
-------------------------+-------+-------++-------
Melee: Long sword        |   125 |   176 ||   301
  Use: Scroll            |     1 |       ||     1
       Potion            |       |     1 ||     1
  Eat: Bread ration      |       |     2 ||     2
       Chunk             |       |     1 ||     1
